 Dungeon Crawl Stone Soup version 0.23.2-40-g277498a001 (webtiles) character file.

Game seed: 1252206619386685481

190 Amplified the Skirmisher (level 5, -2/42 HPs)
             Began as a Mummy Gladiator on Sept 15, 2019.
             Slain by a hound zombie (3 damage)
             ... on level 6 of the Dungeon.
             The game lasted 00:05:50 (3159 turns).

Amplified the Skirmisher (Mummy Gladiator)          Turns: 3159, Time: 00:05:51

Health: -2/42      AC: 10    Str: 18    XL:     5   Next: 41%
Magic:  5/5        EV: 12    Int:  8    God:
Gold:   75         SH:  0    Dex: 13    Spells: 4/4 levels left

rFire    . . .     SeeInvis .   a - +0 trident
rCold    + . .     Gourm    .   (no shield)
rNeg     + + +     Faith    .   f - +0 ring mail
rPois    ∞         Spirit   .   e - +1 helmet
rElec    .         Reflect  .   (no cloak)
rCorr    .         Harm     .   (no gloves)
MR       .....                  (no boots)
Stlth    +.........             (no amulet)
HPRegen  0.14/turn              b - ring of protection from fire
MPRegen  0.09/turn              h - +3 ring of protection

@: no status effects
A: no food or potions, fire vulnerability, cold resistance 1, negative energy
resistance 3, torment resistance, unbreathing
a: no special abilities


You were on level 6 of the Dungeon.
You were not hungry.

You visited 1 branch of the dungeon, and saw 6 of its levels.

You collected 75 gold pieces.

Inventory:

Hand Weapons
 a - a +0 trident (weapon)
 d - a +3 whip of freezing
 m - a +0 blowgun
Missiles
 j - 20 poisoned needles
 o - 5 curare-tipped needles
Armour
 e - a +1 helmet (worn)
 f - a +0 ring mail (worn)
Magical Staves
 n - an uncursed staff of wizardry
Jewellery
 b - a ring of protection from fire (left hand)
 h - a +3 ring of protection (right hand)
 i - an uncursed ring of protection from magic {unknown}
Wands
 p - a wand of acid (8)
Scrolls
 c - 2 scrolls of magic mapping
 g - a scroll of remove curse


   Skills:
 * Level 3.9 Fighting
 * Level 3.7 Polearms
 - Level 1.5 Throwing
 + Level 0.4 Armour
 - Level 3.0 Dodging


You had 4 spell levels left.
You didn't know any spells.
Your spell library was empty.

Dungeon Overview and Level Annotations

Branches:
Dungeon (6/15)
 Temple: D:4-7

Altars:
Qazlal

Annotations:
D:4 Ijyb


Innate Abilities, Weirdness & Mutations

You do not eat or drink.
Your flesh is vulnerable to fire.
You are immune to poison.
Your flesh is cold resistant. (rC+)
You are immune to negative energy. (rN+++)
You are immune to unholy pain and torment.
You can survive without breathing.


Message History

You hit the worker ant but do no damage.
The worker ant is heavily wounded.
The hound zombie barely misses you. The worker ant bites you.
* * * LOW HITPOINT WARNING * * *
The hound zombie misses you.
Attack whom?
Press: ? - help, Dir - move target cursor, f/p - worker ant
Aim: a worker ant (heavily wounded)
You hit the worker ant.
The worker ant is severely wounded.
The worker ant misses you. The hound zombie misses you.
Attack whom?
Press: ? - help, Dir - move target cursor, f/p - worker ant
Aim: a worker ant (severely wounded)
You hit the worker ant but do no damage.
The worker ant is severely wounded.
The worker ant bites you.
* * * LOW HITPOINT WARNING * * *
The hound zombie bites you.
You die...

##
##...#######.#.
......Z@a......
.....#######...
.<#


You could see a worker ant and a hound zombie.

Vanquished Creatures
  A bullfrog zombie (D:3)
  A hound (D:5)
  A worker ant (D:4)
  3 adders
  An ooze (D:1)
  3 worms
  3 leopard geckos
  2 orcs
  8 bats
  3 giant cockroaches (D:1)
  3 goblins
  5 hobgoblins
  8 jackals (D:1)
  A ball python (D:2)
  3 frilled lizards
  8 kobolds
  3 rats
57 creatures vanquished.

Notes
Turn   | Place    | Note
-------+----------+-------------------------------------------
     0 | D:1      | Amplified the Mummy Gladiator began the quest for the Orb.
     0 | D:1      | Reached XP level 1. HP: 16/16 MP: 1/1
   169 | D:1      | Reached XP level 2. HP: 20/23 MP: 2/2
   478 | D:1      | Reached XP level 3. HP: 15/28 MP: 3/3
  1366 | D:2      | Reached XP level 4. HP: 15/35 MP: 4/4
  1565 | D:2      | Found a faded altar of an unknown god.
  2545 | D:3      | Found a stormy altar of Qazlal.
  2944 | D:4      | Reached XP level 5. HP: 26/42 MP: 5/5
  3064 | D:4      | Noticed Ijyb
  3068 | D:5      | Entered Level 5 of the Dungeon
  3068 | D:5      | Noticed an ogre
  3120 | D:5      | Noticed a water moccasin
  3159 | D:6      | HP: 1/42 [worker ant (2)]
  3159 | D:6      | Slain by a hound zombie

Skill      XL: |  1  2  3  4 |
---------------+-------------+-----
Polearms       | 3 |  3.7
Fighting       | 3 |  3.9
Dodging        | 3 |  3.0
Throwing       | |  1.5
Armour         | |  0.4

Action                   |  1- 3 |  4- 6 || total
-------------------------+-------+-------++-------
Melee: Trident           |   116 |   148 ||   264
Throw: Throwing net      |     4 |     1 ||     5
  Use: Scroll            |     2 |     7 ||     9
Armor: Leather armour    |    18 |       ||    18
       Ring mail         |    23 |    55 ||    78
Dodge: Dodged            |    53 |   101 ||   154
